 Dungeon Crawl Stone Soup version 0.29.0-15-g675c0067aa (webtiles) character file.

Game seed: 911598353920859017

1974 qw the Cleaver (level 9, -4/74 HPs)
             Began as a Minotaur Berserker on Sept 12, 2022.
             Was a Priest of Trog.
             Slain by an ogre
             ... wielding a +0 giant club
              (6 damage)
             ... on level 6 of the Dungeon.
             The game lasted 00:01:51 (4943 turns).

qw the Cleaver (Minotaur Berserker)                 Turns: 4943, Time: 00:01:52

Health: -4/74      AC: 17    Str: 24    XL:     9   Next: 0%
Magic:  8/8        EV:  9    Int:  4    God:    Trog [***...]
Gold:   288        SH: 18    Dex: 21    Spells: 8/8 levels left

rFire   + . .      SeeInvis .   m - +4 hand axe of Attainder {drain, *Slow rC+++ Str-2 Dex+5}
rCold   + + +      Faith    .   b - +0 tower shield
rNeg    . . .      Spirit   .   c - +6 scale mail "Maotruss" {rF+ Dex+6}
rPois   .          Reflect  .   (helmet restricted)
rElec   .          Harm     .   d - +0 cloak
rCorr   .          Rampage  .   k - +0 pair of gloves
Will    .....                   f - +0 pair of boots
Stlth   ..........              (no amulet)
HPRegen 0.22/turn               (no ring)
MPRegen 0.11/turn               (no ring)

@: about to teleport, on berserk cooldown, slowed, very slow
A: horns 2, retaliatory headbutt, hooves 1, iridescent scales 1, wild magic 1
a: Renounce Religion, Berserk, Trog's Hand


You were on level 6 of the Dungeon.
You worshipped Trog.
Trog was most pleased with you.
You visited 1 branch of the dungeon, and saw 6 of its levels.

You collected 288 gold pieces.


Innate Abilities, Weirdness & Mutations

You have a pair of horns on your head.
You reflexively headbutt those who attack you in melee.
You have large cloven feet.
You are partially covered in iridescent scales. (AC +2)
Your spells are a little harder to cast, but a little more powerful.


   Skills:
 - Level 5.1 Fighting
 - Level 9.9 Axes
 - Level 2.4 Armour
 - Level 3.6 Dodging
 + Level 9.3 Shields


You had 8 spell levels left.
You didn't know any spells.
Your spell library was empty.

Inventory:

Hand Weapons
 m - the +4 hand axe of Attainder (weapon) {drain, *Slow rC+++ Str-2 Dex+5}
   (You found it on level 4 of the Dungeon)

   A truly terrible weapon, it drains the life of any living foe it strikes.
   Str:       It affects your strength (-2).
   Dex:       It affects your dexterity (+5).
   rC:        It renders you almost immune to cold.
   *Slow:     It may slow you when you take damage.
 o - a +0 flail
Armour
 b - a +0 tower shield (worn)
 c - the +6 scale mail "Maotruss" (worn) {rF+ Dex+6}
   (You found it on level 3 of the Dungeon)

   Dex:       It affects your dexterity (+6).
   rF:        It protects you from fire.
 d - a +0 cloak (worn)
 f - a +0 pair of boots (worn)
 k - a +0 pair of gloves (worn)
Scrolls
 a - a scroll of teleportation
 g - 3 scrolls of identify
Potions
 e - 2 potions of curing
 h - a potion of might
 i - a potion of cancellation
 j - a potion of mutation

Dungeon Overview and Level Annotations

Branches:
Dungeon (6/15)             Temple (0/1) D:4

Altars:
Dithmenos
Trog

Shops:
D:2 :

Annotations:
D:3 2 transporters


Message History

You hit the cyclops but do no damage. You drain the cyclops.
The gnoll bouda prays to its god.
The gnoll bouda is healed somewhat.
You hit the gnoll bouda but do no damage.
You drain the gnoll bouda. You headbutt the gnoll bouda.
You kill the gnoll bouda!
Trog accepts your kill.
You barely miss the ogre. You hit the cyclops but do no damage.
You block the ogre's attack. The cyclops closely misses you.
You block the ogre's attack. The orc wizard casts a spell at you.
The magic dart hits you.
You feel as though you will be slow longer.
The ogre hits you with a +0 giant club!
You have reached level 9!
Your experience leads to an increase in your attributes!
Your base attributes are Str 24, Int 4, Dex 10.
Increase (S)trength, (I)ntelligence, or (D)exterity?
You feel stronger. x2
4941 ||| READING 2 scrolls of teleportation.
As you read the scroll of teleportation, it crumbles to dust.
You feel strangely unstable. You block the cyclops's attack.
The ogre closely misses you. You furiously retaliate!
You headbutt the ogre! The ogre closely misses you. You furiously retaliate!
You headbutt the ogre.
4942 ||| DRINKING potion of heal wounds.
You feel much better.
The orc wizard hits you but does no damage.
The cyclops hits you!! You block the ogre's attack.
You block the orc wizard's attack. The ogre closely misses you.
You slash the ogre!
The ogre is almost dead.
You hit the cyclops. You slash the ogre! You drain the ogre.
You hit the orc wizard. You block the orc wizard's attack.
The cyclops hits you! The ogre completely misses you. You furiously retaliate!
You headbutt the ogre.
You kill the ogre!
Trog accepts your kill. The ogre hits you with a +0 giant club.
You die...

~.# ....' ~.#og ....#
###K# ....#
#.KO#############''''###
#ooo#...................
#####~~~~~~~~~~~~....~~~
~
~~~~~~~~~~~~~~~)~....~~~
~
~~~~~~~~~~~~~~|~Co...~~~
~
........).....%o@O......
.
###.############.#.#####
# #.# #...# #.# ......
#.# ...#### #.# .....
#.# ...... #.# ##..##.
#..


You could see a cyclops (drained), an ogre (drained), an orc priest and an orc
wizard.

Vanquished Creatures
  A warg (D:6)
  A water moccasin (D:5)
  An ice beast (D:5)
  2 black bears (D:4)
  3 ogres
  A gnoll sergeant (D:6)
  2 scorpions (D:5)
  4 howler monkeys (D:6)
  3 orc priests
  12 hounds
  A gnoll bouda (D:6)
  2 jellies
  Natasha (thrice) (D:2)
  6 orc wizards
  3 gnolls
  10 adders
  A shadow imp (D:5)
  2 ufetubi (D:5)
  3 worms
  4 dart slugs
  11 orcs
  7 bats
  7 endoplasms
  5 goblins
  6 hobgoblins
  2 jackals (D:4)
  4 quokkas
  3 ball pythons
  3 frilled lizards
  6 kobolds
  3 rats
122 creatures vanquished.

Vanquished Creatures (others)
  An orc wizard (D:6)
  3 plants (D:6)
4 creatures vanquished.

Grand Total: 126 creatures vanquished

Notes
Turn   | Place    | Note
-------+----------+-------------------------------------------
     0 | D:1      | qw the Minotaur Berserker began the quest for the Orb.
     0 | D:1      | Reached XP level 1. HP: 19/19 MP: 0/0
     0 | D:1      | 0 ||| qw: Version: 0.1-a-119-g272c26d
     0 | D:1      | 0 ||| qw: Game counter: 11027
     0 | D:1      | 0 ||| qw: Always use a shield: true
     0 | D:1      | 0 ||| qw: Do Orc after D:15 true
     0 | D:1      | 0 ||| qw: Do second Lair branch before Depths: true
     0 | D:1      | 0 ||| qw: Lair rune preference: random
     0 | D:1      | 0 ||| qw: Plans: Normal
     0 | D:1      | 0 ||| PLANNING D:1-11
    44 | D:1      | 44 ||| Stepping ~*~*~tactically~*~*~ (stealth).
    48 | D:1      | 48 ||| Stepping ~*~*~tactically~*~*~ (stealth).
   286 | D:1      | 286 ||| DROPPING +0 club.
   374 | D:1      | Reached XP level 2. HP: 26/26 MP: 1/1
   649 | D:1      | 649 ||| Stepping ~*~*~tactically~*~*~ (stealth).
   659 | D:1      | 659 ||| INVOKING Berserk.
   663 | D:1      | Reached XP level 3. HP: 31/31 MP: 2/2
  1010 | D:1      | 1010 ||| UPGRADING to +0 scale mail.
  1020 | D:1      | 1020 ||| DROPPING +0 animal skin.
  1021 | D:1      | 1021 ||| READING scroll labelled WASMUO AFOSK.
  1022 | D:1      | 1022 ||| READING scroll labelled TYNOASYVARGH.
  1027 | D:1      | 1027 ||| READING scroll labelled BUGHOE HU DYLU.
  1028 | D:1      | 1028 ||| READING scroll labelled LAEHAH ERRIA.
  1038 | D:2      | 1038 ||| STAIRDANCE
  1065 | D:2      | 1065 ||| STAIRDANCE
  1197 | D:2      | Reached ** piety under Trog
  1230 | D:2      | Found a bloodstained altar of Trog.
  1418 | D:2      | 1418 ||| Stepping ~*~*~tactically~*~*~ (stealth).
  1419 | D:2      | 1419 ||| Stepping ~*~*~tactically~*~*~ (stealth).
  1425 | D:2      | 1425 ||| Stepping ~*~*~tactically~*~*~ (stealth).
  1426 | D:2      | 1426 ||| Stepping ~*~*~tactically~*~*~ (stealth).
  1438 | D:2      | Found Badghuefo's Book Shoppe.
  1627 | D:2      | Noticed Natasha
  1629 | D:2      | 1629 ||| INVOKING Berserk.
  1631 | D:2      | Killed Natasha
  1632 | D:2      | Reached skill level 6 in Axes
  1632 | D:2      | Reached XP level 4. HP: 39/39 MP: 3/3
  1804 | D:2      | Noticed Natasha
  1805 | D:2      | 1805 ||| Stepping ~*~*~tactically~*~*~ (hiding).
  1807 | D:2      | 1807 ||| Stepping ~*~*~tactically~*~*~ (hiding).
  1810 | D:2      | 1810 ||| INVOKING Berserk.
  1811 | D:2      | Killed Natasha
  1889 | D:2      | Noticed Natasha
  1890 | D:2      | 1890 ||| Stepping ~*~*~tactically~*~*~ (stealth).
  1892 | D:2      | 1892 ||| Stepping ~*~*~tactically~*~*~ (hiding).
  1895 | D:2      | 1895 ||| INVOKING Berserk.
  1897 | D:2      | Killed Natasha
  1898 | D:2      | Reached XP level 5. HP: 45/45 MP: 4/4
  2224 | D:2      | 2224 ||| READING scroll labelled RIUNAGAM CAFETON.
  2225 | D:2      | 2225 ||| READING scroll labelled LIRASOACWI.
  2226 | D:2      | 2226 ||| DRINKING 2 metallic clear potions.
  2227 | D:2      | 2227 ||| DRINKING 2 yellow potions.
  2244 | D:2      | 2244 ||| DROPPING potion of degeneration.
  2245 | D:2      | 2245 ||| DROPPING potion of lignification.
  2277 | D:3      | Identified the +0 trident of the Keeping Salmon {holy,
                  | Dex+3 Stlth-}
  2317 | D:3      | Found a transporter.
  2452 | D:3      | Identified the +6 scale mail "Maotruss" {rF+ Dex+6}
  2584 | D:3      | Found a shadowy altar of Dithmenos.
  2793 | D:3      | Found a transporter.
  2911 | D:3      | 2911 ||| UPGRADING to +6 scale mail "Maotruss" {rF+ Dex+6}.
  2921 | D:3      | 2921 ||| UPGRADING to +0 cloak.
  2926 | D:3      | 2926 ||| DROPPING +0 scale mail.
  2927 | D:3      | 2927 ||| DROPPING ring of magical power.
  2928 | D:3      | 2928 ||| READING scroll labelled OLAITTUALE.
  3088 | D:4      | Noticed a black bear
  3090 | D:4      | 3090 ||| INVOKING Berserk.
  3092 | D:4      | Killed a black bear
  3093 | D:4      | Reached XP level 6. HP: 52/52 MP: 5/5
  3116 | D:4      | Reached skill level 9 in Axes
  3116 | D:4      | HP: 10/52 [black bear (4)]
  3117 | D:4      | 3117 ||| READING 4 scrolls of teleportation.
  3121 | D:4      | 3121 ||| READING 3 scrolls of teleportation.
  3121 | D:4      | HP: 4/52 [poisoned by a kobold]
  3124 | D:4      | 3124 ||| FLEEEEING.
  3414 | D:4      | Found a staircase to the Ecumenical Temple.
  3441 | D:4      | 3441 ||| Stepping ~*~*~tactically~*~*~ (hiding).
  3446 | D:4      | 3446 ||| Stepping ~*~*~tactically~*~*~ (hiding).
  3453 | D:4      | 3453 ||| Stepping ~*~*~tactically~*~*~ (stealth).
  3474 | D:4      | 3474 ||| Stepping ~*~*~tactically~*~*~ (stealth).
  3491 | D:4      | 3491 ||| INVOKING Berserk.
  3496 | D:4      | Reached XP level 7. HP: 61/61 MP: 6/6
  3715 | D:4      | Identified the +4 hand axe of Attainder {drain, *Slow rC+++
                  | Str-2 Dex+5}
  3717 | D:4      | 3717 ||| SWAPPING to +4 hand axe of Attainder {drain, *Slow
                  | rC+++ Str-2 Dex+5}.
  3718 | D:4      | 3718 ||| DROPPING +0 hand axe.
  3739 | D:4      | 3739 ||| DROPPING +0 whip.
  3826 | D:4      | 3826 ||| UPGRADING to +0 pair of gloves.
  3831 | D:4      | 3831 ||| READING scroll labelled WODEQ WATO.
  3832 | D:4      | 3832 ||| DRINKING 2 fizzy dark potions.
  3833 | D:4      | 3833 ||| DRINKING 2 bubbling ruby potions.
  3834 | D:4      | 3834 ||| READING 2 scrolls of identify.
  3834 | D:4      | 3834 ||| IDENTIFYING fizzy yellow potion
  3835 | D:4      | 3835 ||| DROPPING potion of attraction.
  3836 | D:4      | 3836 ||| DROPPING potion of berserk rage.
  3843 | D:5      | Entered Level 5 of the Dungeon
  3855 | D:5      | Reached skill level 3 in Dodging
  3864 | D:5      | Reached *** piety under Trog
  3938 | D:5      | 3938 ||| INVOKING Berserk.
  3952 | D:5      | 3952 ||| FLEEEEING.
  3953 | D:5      | 3953 ||| FLEEEEING.
  3956 | D:5      | 3956 ||| Stepping ~*~*~tactically~*~*~ (stealth).
  3962 | D:5      | 3962 ||| FLEEEEING.
  3963 | D:5      | 3963 ||| FLEEEEING.
  3969 | D:5      | 3969 ||| STAIRDANCE
  4072 | D:4      | 4072 ||| UPGRADING to +0 tower shield.
  4077 | D:4      | 4077 ||| DRINKING 2 lumpy coppery potions.
  4077 | D:4      | Gained mutation: You are partially covered in iridescent
                  | scales. (AC +2) [potion of mutation]
  4077 | D:4      | Gained mutation: You have large cloven feet. [potion of
                  | mutation]
  4077 | D:4      | Gained mutation: Your spells are a little harder to cast,
                  | but a little more powerful. [potion of mutation]
  4078 | D:4      | 4078 ||| READING 2 scrolls of identify.
  4078 | D:4      | 4078 ||| IDENTIFYING brown potion
  4107 | D:5      | Reached skill level 1 in Shields
  4206 | D:5      | 4206 ||| INVOKING Berserk.
  4209 | D:5      | Reached skill level 3 in Shields
  4210 | D:5      | Reached XP level 8. HP: 68/68 MP: 7/7
  4567 | D:5      | 4567 ||| UPGRADING to +0 pair of boots.
  4572 | D:5      | 4572 ||| DRINKING 2 dark potions.
  4589 | D:6      | 4589 ||| STAIRDANCE
  4698 | D:6      | Reached skill level 6 in Shields
  4810 | D:6      | 4810 ||| INVOKING Berserk.
  4905 | D:6      | 4905 ||| INVOKING Berserk.
  4917 | D:6      | Reached skill level 9 in Shields
  4932 | D:6      | Noticed a cyclops
  4937 | D:6      | 4937 ||| Stepping ~*~*~tactically~*~*~ (water).
  4940 | D:6      | HP: 4/68 [ogre/+0 giant club (16)]
  4941 | D:6      | Reached XP level 9. HP: 5/74 MP: 8/8
  4941 | D:6      | 4941 ||| READING 2 scrolls of teleportation.
  4942 | D:6      | 4942 ||| DRINKING potion of heal wounds.
  4943 | D:6      | Slain by an ogre

Levels and vault maps discovered:
D:1:      tarquinn_simple_flora_water_a, layout_basic
D:2:      layout_loops_ring, serial_shops, nicolae_shop_statue_plus,
          basic_altar, uniq_natasha
D:3:      gammafunk_steamed_eel, layout_rooms, lemuel_coloured_pillars_altar
D:4:      layout_rooms, temple_statues
D:5:      layout_rooms, serial_park_tiny_pond
D:6:      lemuel_castle_with_subvaults [lemuel_castle_interior_carwin_3],
          layout_loops_corners, tso_altar,
          nicolae_hepliaklqana_ecumenical_no_more, nicolae_ru_path_of_blood,
          serial_shops, nicolae_lakefront_shop

Skill      XL: |  1  2  3  4  5  6  7  8 |
---------------+-------------------------+-----
Axes           | 4 5 6 7 8 9 |  9.9
Fighting       | 4 5 |  5.1
Dodging        | 3 |  3.6
Shields        | 3 9 |  9.3
Armour         | |  2.4

Action                   |  1- 3 |  4- 6 |  7- 9 || total
-------------------------+-------+-------+-------++-------
Melee: Hand axe          |    89 |    92 |   107 ||   288
       Headbutt          |     4 |    15 |    20 ||    39
       Punch             |       |     1 |       ||     1
       Kick              |       |       |     6 ||     6
Invok: Berserk           |     2 |     4 |     4 ||    10
  Use: Scroll            |     4 |     5 |     4 ||    13
       Potion            |       |     2 |     5 ||     7
Armor: Animal skin       |     7 |       |       ||     7
       Scale mail        |    25 |    34 |    45 ||   104
Dodge: Dodged            |    37 |    47 |    28 ||   112
Block: Tower shield      |       |       |    79 ||    79

Table legend:
 A = Non-vault XP
 B = Vault XP
 C = Vault XP percentage of total XP
 D = Non-vault monster count
 E = Vault monster count
 F = Vault count percentage of total count
                 A         B        C        D         E       F
            +---------+---------+-------+---------+---------+-------
      Total |    1670 |    1271 |  43.2 |      99 |      24 |  19.5
            +---------+---------+-------+---------+---------+-------
        D:1 |      61 |       0 |   0.0 |      21 |       0 |   0.0
        D:2 |     130 |      36 |  21.7 |      22 |       1 |   4.3
        D:3 |      57 |       0 |   0.0 |       9 |       0 |   0.0
        D:4 |     544 |       0 |   0.0 |      24 |       0 |   0.0
        D:5 |     748 |       0 |   0.0 |      18 |       0 |   0.0
        D:6 |     130 |    1235 |  90.5 |       5 |      23 |  82.1
            +---------+---------+-------+---------+---------+-------
